 Dungeon Crawl Stone Soup version 0.20.1-1-g8b1a95d (webtiles) character file.

252 Irenicus the Digger (level 5, -1/42 HPs)
             Began as a Deep Dwarf Earth Elementalist on Oct 27, 2017.
             Slain by an orc
             ... wielding a +0 hand axe
              (4 damage)
             ... on level 4 of the Dungeon.
             The game lasted 00:14:39 (2623 turns).

Irenicus the Digger (Deep Dwarf Earth Elementalist) Turns: 2623, Time: 00:14:41

Health: -1/42      AC:  6    Str: 10 (11) XL:     5   Next: 89%
Magic:  2/9        EV: 12    Int: 22      God:
Gold:   208        SH:  0    Dex: 11 (13) Spells: 6/10 levels left

rFire    . . .     SeeInvis .   w - +3 falchion (holy)
rCold    . . .     Gourm    .   (no shield)
rNeg     . . .     Faith    .   k - +0 leather armour
rPois    .         Spirit   .   y - +0 helmet
rElec    .         Reflect  .   j - +0 cloak
rCorr    .         Harm     .   x - +0 pair of gloves
MR       .....                  (no boots)
Stlth    +.........             v - amulet of magic regeneration
Regen    0.0/turn               (no ring)
MPRegen  0.2/turn               (no ring)

@: confused, brilliant, berserk cooldown, very slightly contaminated,
non-regenerating, slowed, very slow
A: damage resistance, heal wounds, sense surroundings 1, no regeneration
a: Heal Wounds


You were on level 4 of the Dungeon.
You were not hungry.

You visited 1 branch of the dungeon, and saw 4 of its levels.

You collected 208 gold pieces.

Inventory:

Hand Weapons
 n - a +0 hunting sling of flaming
 w - a +3 falchion of holy wrath (weapon)
Armour
 c - a +0 robe
 j - a +0 cloak (worn)
 k - a +0 leather armour (worn)
 x - a +0 pair of gloves (worn)
 y - a +0 helmet (worn)
Magical Staves
 B - an uncursed staff of fire
Jewellery
 p - an uncursed amulet of rage
 v - an amulet of magic regeneration (around neck)
Scrolls
 a - a scroll of random uselessness {unknown}
 b - a scroll of noise {unknown}
 g - 2 scrolls of magic mapping {unknown}
 i - 2 scrolls of immolation {unknown}
 o - 3 scrolls of identify {unknown}
 t - a scroll of fog {unknown}
 A - a scroll of recharging {unknown}
 C - a scroll of remove curse {unknown}
Potions
 f - 2 potions of curing
 l - a potion of heal wounds
 r - a potion of haste
Books
 e - a book of Geomancy

   Spells                             Type                      Level
   a - Sandblast                      Earth                        1
   b - Passwall                       Transmutation/Earth          2
   c - Stone Arrow                    Conjuration/Earth            3
   d - Petrify                        Transmutation/Earth          4
   e - Lee's Rapid Deconstruction     Earth                        5
 z - a book of Cantrips

   Spells                             Type                      Level
   a - Confusing Touch                Hexes                        1
   b - Animate Skeleton               Necromancy                   1
   c - Summon Small Mammal            Summoning                    1
   d - Apportation                    Translocation                1
Comestibles
 d - 4 bread rations
 h - 2 chunks of flesh
 m - a royal jelly
 q - 2 meat rations


   Skills:
 - Level 2.1 Dodging
 - Level 2.4 Stealth
 + Level 3.0 Spellcasting
 - Level 2.0 Conjurations
   Level 0.8 Transmutations
 - Level 7.0 Earth Magic
 - Level 1.0 Evocations


You had 6 spell levels left.
You knew the following spells:

 Your Spells              Type           Power        Failure   Level  Hunger
a - Sandblast             Erth           #####.       1%          1    None
e - Stone Arrow           Conj/Erth      #####.       1%          3    ###....


Dungeon Overview and Level Annotations

Branches:
Dungeon (4/15)
 Temple: D:4-7

Altars:
Ashenzari
Dithmenos
Gozag
Nemelex Xobeh
Okawaru
Uskayaw
Zin

Annotations:
D:3 Sigmund


Innate Abilities, Weirdness & Mutations

You are resistant to damage.
You can heal yourself by infusing magical energy.
You passively map a small area around you.
You do not regenerate.


Message History

You feel a strong urge to attack something.
You barely miss something.
The orc shouts!
Something hits you.
* * * LOW HITPOINT WARNING * * *
You bump into the rock wall.
You're too confused to move!
You feel a strong urge to attack something.
Something hits you but does no damage. The orc hits you with a hand axe.
You are no longer berserk.
You are exhausted.
You feel yourself slow down. Something hits you.
It was a potion of brilliance.
You feel clever all of a sudden.
You hear some strange, mumbled words.
A puff of flame appears from out of thin air!
The puff of flame hits you!
* * * LOW HITPOINT WARNING * * *
The orc hits you with a hand axe!
You die...

* ....... * , , ?.o..
* * .o.** , #'# * #
#.# #. #o#
###.########.## *
.........)#o..##
###.#...@.o....# ,*
#.....#o....## * * *
###...#..#.######
#.#####...............
#........###.#.#######
########.# #.#.#
#.###.#.# ##.....#.#
####### #........# ,,


You could see 3 orcs.

Vanquished Creatures
  An orc priest (D:4)
  2 orc wizards
  Robin (D:3)
  6 adders
  2 oozes (D:2)
  2 worms
  2 leopard geckos
  7 orcs
  7 giant cockroaches
  14 goblins
  7 hobgoblins
  2 jackals (D:1)
  5 kobolds
  A quokka (D:3)
  3 ball pythons (D:2)
  9 bats
  4 frilled lizards
  4 rats
79 creatures vanquished.

Notes
Turn   | Place    | Note
-------+----------+-------------------------------------------
     0 | D:1      | Irenicus the Deep Dwarf Earth Elementalist began the quest for the Orb.
     0 | D:1      | Reached XP level 1. HP: 15/15 MP: 3/3
     2 | D:1      | Noticed an ogre
     4 | D:1      | Noticed an octopode
     4 | D:1      | Noticed a demigod
     6 | D:1      | Noticed a merfolk
     6 | D:1      | Noticed a vine stalker
     8 | D:1      | Noticed a spriggan
    10 | D:1      | Noticed a gargoyle
    10 | D:1      | Noticed a tengu
    12 | D:1      | Noticed a draconian
    12 | D:1      | Noticed a demonspawn
    14 | D:1      | Noticed a ghoul
    16 | D:1      | Noticed a felid
    16 | D:1      | Noticed a minotaur
    18 | D:1      | Noticed an elf
    18 | D:1      | Noticed a human
    20 | D:1      | Noticed a centaur
    22 | D:1      | Noticed a troll
    22 | D:1      | Noticed a vampire
    24 | D:1      | Noticed a naga
    24 | D:1      | Noticed a formicid
    26 | D:1      | Noticed a dwarf
    26 | D:1      | Noticed a halfling
   304 | D:1      | Reached XP level 2. HP: 20/22 MP: 0/4
   600 | D:1      | Reached skill level 5 in Earth Magic
   918 | D:2      | Reached XP level 3. HP: 26/28 MP: 0/5
   996 | D:2      | Learned a level 3 spell: Stone Arrow
  1177 | D:2      | Found a sparkling altar of Nemelex Xobeh.
  1178 | D:2      | Found a hide-covered altar of Uskayaw.
  1179 | D:2      | Found a shattered altar of Ashenzari.
  1185 | D:2      | Reached skill level 6 in Earth Magic
  1269 | D:2      | Found a shadowy altar of Dithmenos.
  1271 | D:2      | Found an iron altar of Okawaru.
  1322 | D:2      | Reached XP level 4. HP: 25/36 MP: 4/6
  1366 | D:2      | Noticed an angel
  1367 | D:2      | Found a glowing silver altar of Zin.
  1690 | D:3      | Noticed Sigmund
  1729 | D:2      | Reached skill level 7 in Earth Magic
  1787 | D:3      | Noticed Robin
  1908 | D:3      | Reached skill level 1 in Conjurations
  1920 | D:3      | Reached XP level 5. HP: 24/42 MP: 4/8
  2058 | D:3      | Killed Robin
  2219 | D:3      | Noticed an ogre
  2436 | D:4      | Reached skill level 1 in Evocations
  2503 | D:4      | Found an opulent altar of Gozag.
  2623 | D:4      | Slain by an orc

Skill      XL: |  1  2  3  4  5 |
---------------+----------------+-----
Earth Magic    | 5 6 7 |  7.0
Spellcasting   | 2 3 |  3.0
Conjurations   | 1 2 |  2.0
Evocations     | 1 |  1.0
Dodging        | |  2.1
Stealth        | |  2.4
Transmutations | |  0.8

Action                   |  1- 3 |  4- 6 || total
-------------------------+-------+-------++-------
Melee: Unarmed           |    25 |   104 ||   129
       Falchion          |       |    38 ||    38
 Cast: Sandblast         |    45 |     7 ||    52
       Stone Arrow       |     3 |    30 ||    33
 Abil: Evoke Berserk Rag |       |     1 ||     1
  Use: Potion            |       |     6 ||     6
  Eat: Chunk             |     3 |     9 ||    12
Armor: Leather armour    |    25 |    60 ||    85
Dodge: Dodged            |    61 |   123 ||   184
       Rpst.: Falchion   |       |     5 ||     5
